WCHLSIM.com - West Coast Hockey League
html PUBLIC "-//W3C//DTD XHTML 1.0 Transitional//EN" "http://www.w3.org/TR/xhtml1/DTD/xhtml1-transitional.dtd"> WCHL - Game 878 - SAN DIEGO THUNDER vs SAN JOSE BRONCOS

SAN DIEGO THUNDER vs SAN JOSE BRONCOS

Created - 24 février 2024 at 14:34

Goals
1 2 3 T
SAN DIEGO THUNDER 1 0 0 1
SAN JOSE BRONCOS 0 3 0 3
Shots
1 2 3 T
SAN DIEGO THUNDER 4 14 5 23
SAN JOSE BRONCOS 14 10 7 31

1st period

1. SAN DIEGO THUNDER , Dmitri Voronkov 2 (Charles McAvoy 32, Wyatt Johnston 20) at 14:22

Penalties :
Dmitri Voronkov (SDG) for Hooking (Minor) at 1:26, Neal Pionk (SJO) for Holding Stick (Minor) at 8:30, Luke Kunin (SDG) for Cross-checking (Minor) at 19:12

2nd period

2. SAN JOSE BRONCOS , Oliver Bjorkstrand 10 (Adam Pelech 14, Cole Caufield 4) at 0:21 (PP)
3. SAN JOSE BRONCOS , Cole Caufield 6 (Jake Walman 10, Oliver Bjorkstrand 19) at 1:57
4. SAN JOSE BRONCOS , Carl Grundstrom 4 (Adam Pelech 15, Jake Walman 11) at 3:54

Penalties :
Erik Cernak (SDG) for Hooking (Minor) at 14:24

3rd period

No Goal

Penalties :
No Penalty

Goalie Stats

Connor Hellebuyck (SDG), 28 saves from 31 shots - (0,903), L, 18-23-5, 60:00 minutes
Jaxson Stauber (SJO), 22 saves from 23 shots - (0,957), W, 4-7-2, 60:00 minutes

Players Stats for SAN DIEGO THUNDER

Player Name              G  A  P  +/- PIM S  H  SB GA TA FO     MP     PP MP  PK MP  
------------------------------------------------------------------------------------
Adam Boqvist             0  0  0  -1  0   0  1  0  0  0  0/0    14:15   0:32   0:53 
Charles McAvoy           0  1  1   0  0   0  1  1  0  0  0/0    23:43   0:45   2:33 
Connor Murphy            0  0  0   0  0   1  1  2  0  0  0/0    23:34   1:14   2:41 
Denis Malgin             0  0  0   0  0   1  0  0  0  0  0/1     5:29   0:00   0:00 
Derek Forbort            0  0  0   0  0   1  1  3  0  0  0/0    21:31   0:42   2:34 
Dmitri Voronkov          1  0  1   0  2   4  2  0  0  0  1/4    19:09   0:42   2:08 
Drake Batherson          0  0  0   0  0   0  0  0  0  0  0/3    20:22   1:14   0:00 
Eetu Luostarinen         0  0  0   0  0   2  0  0  0  0  13/22  20:43   0:00   1:07 
Erik Cernak              0  0  0   0  2   1  3  1  0  0  0/0    24:00   0:45   1:27 
Evander Kane             0  0  0   0  0   0  3  0  0  0  1/1    19:36   0:00   0:00 
Isac Lundestrom          0  0  0  -1  0   0  0  1  0  0  13/19  15:29   0:45   3:15 
Joel Farabee             0  0  0   0  0   6  0  0  0  0  1/2    19:26   1:14   1:52 
Kyle Okposo              0  0  0   0  0   0  0  0  0  0  0/0     0:00   0:00   0:00 
Luke Kunin               0  0  0  -1  2   5  2  0  0  0  1/3    17:42   0:45   0:00 
Mark Kastelic            0  0  0   0  0   0  0  0  0  0  5/6     6:01   0:32   0:00 
Steven Lorentz           0  0  0  -1  0   0  0  0  0  0  1/1    11:57   0:00   0:00 
William Lagesson         0  0  0  -1  0   0  5  0  0  0  0/0    12:56   0:00   0:06 
Wyatt Johnston           0  1  1   0  0   2  0  0  0  0  15/21  18:57   0:45   1:52 

Players Stats for SAN JOSE BRONCOS

Player Name              G  A  P  +/- PIM S  H  SB GA TA FO     MP     PP MP  PK MP  
------------------------------------------------------------------------------------
Adam Pelech              0  2  2   2  0   0  0  2  0  0  0/0    20:29   2:17   1:10 
Anthony Richard          0  0  0   1  0   0  2  0  0  0  2/12   12:58   0:00   0:00 
Brayden Point            0  0  0   0  0   5  2  0  0  0  11/22  17:44   3:27   1:01 
Brett Leason             0  0  0   1  0   1  0  0  0  0  1/2    12:58   0:00   0:00 
Carl Grundstrom          1  0  1   1  0   2  3  0  0  0  0/2    12:58   0:00   0:00 
Clayton Keller           0  0  0   0  0   1  1  0  0  0  1/2    17:41   3:27   0:58 
Cole Caufield            1  1  2   0  0   6  0  0  0  0  0/1    14:42   1:40   0:00 
Jaccob Slavin            0  0  0  -1  0   1  1  0  0  0  0/0    24:46   2:50   1:25 
Jake Bean                0  0  0   0  0   0  2  0  0  0  0/0    15:21   0:00   0:00 
Jake Walman              0  2  2   2  0   0  2  2  0  0  0/0    19:38   2:17   1:23 
Jesper Bratt             0  0  0   0  0   0  1  0  0  0  0/2    16:43   3:27   0:00 
Jesse Puljujarvi         0  0  0   0  0   3  2  1  0  0  0/2    14:39   0:00   1:01 
Jonathan Gruden          0  0  0   0  0   0  1  0  0  0  0/0    13:38   0:00   0:00 
Neal Pionk               0  0  0  -1  2   3  2  0  0  0  0/0    24:24   2:50   0:00 
Oliver Bjorkstrand       1  1  2   0  0   6  0  2  0  0  0/2    15:40   1:40   0:58 
Samuel Fagemo            0  0  0   0  0   0  0  0  0  0  3/12   13:38   0:00   0:00 
Timothy Liljegren        0  0  0   0  0   0  1  1  0  0  0/0    15:21   0:00   0:00 
Tyson Jost               0  0  0   0  0   3  6  0  0  0  14/24  14:42   1:40   0:00 

3 Stars

1 - Jake Walman (SJO)
2 - Carl Grundstrom (SJO)
3 - Adam Pelech (SJO)

Power Play

SAN DIEGO THUNDER - 0 on 1 Attempt(s) - 0,00%
SAN JOSE BRONCOS - 1 on 3 Attempt(s) - 33,33%

Penalty Kill

SAN DIEGO THUNDER - 2 on 3 Attempt(s) - 66,67% - Score 0 goal in Penalty Kill
SAN JOSE BRONCOS - 1 on 1 Attempt(s) - 100,00% - Score 0 goal in Penalty Kill

Team Stat

SAN DIEGO THUNDER - Hits : 19 - Faceoff Wins : 51 - Blocked Shots : 8 - Penalty Minutes : 6
SAN JOSE BRONCOS - Hits : 26 - Faceoff Wins : 32 - Blocked Shots : 8 - Penalty Minutes : 2

Official

Referees : Andrew Howard and Marc Joannette
Linesman : Darren Gibbs and Tyson Baker

Game Notes

No Game Note

Finance

Level 1 -- Attendance: 6067 (80,89%) -- Ticket Income 1 152 730 $
Level 2 -- Attendance: 5680 (94,67%) -- Ticket Income 738 400 $
Level 3 -- Attendance: 2321 (51,58%) -- Ticket Income 243 705 $
Level 4 -- Attendance: 3950 (65,83%) -- Ticket Income 316 000 $
Luxury Box -- Attendance: 1000 (100,00%) -- Ticket Income 325 000 $
Total Attendance: 19018 (76,07%)
Total Ticket Income: 2 775 835 $
Other Expense: 27 758 $
Total Income: 2 748 077 $

SAN DIEGO THUNDER

5 vs 5 Forward 
   Center                   Left Wing                Right Wing               Time % Phy DF OF 
 1 Eetu Luostarinen         Drake Batherson          Evander Kane             36     1   2  2  
 2 Wyatt Johnston           Dmitri Voronkov          Joel Farabee             31     1   2  2  
 3 Isac Lundestrom          Steven Lorentz           Luke Kunin               23     0   3  2  
 4 Mark Kastelic            Luke Kunin               Denis Malgin             10     1   1  3  

5 vs 5 Defense 
   Defense                  Defense                                           Time % Phy DF OF 
 1 Charles McAvoy           Erik Cernak                                       38     1   2  2  
 2 Connor Murphy            Derek Forbort                                     32     1   2  2  
 3 Adam Boqvist             William Lagesson                                  20     1   2  2  
 4 Charles McAvoy           Erik Cernak                                       10     1   2  2  

PowerPlay Forward 
   Center                   Left Wing                Right Wing               Time % Phy DF OF 
 1 Drake Batherson          Dmitri Voronkov          Joel Farabee             55     0   1  4  
 2 Wyatt Johnston           Isac Lundestrom          Luke Kunin               45     0   1  4  

PowerPlay Defense
   Defense                  Defense                                           Time % Phy DF OF 
 1 Charles McAvoy           Erik Cernak                                       55     1   2  2  
 2 Connor Murphy            Derek Forbort                                     45     1   2  2  

Penalty Kill 4 Players Forward 
   Center                   Wing                     Time % Phy DF OF 
 1 Dmitri Voronkov          Isac Lundestrom          55     1   2  2  
 2 Joel Farabee             Wyatt Johnston           45     1   2  2  

Penalty Kill 4 Players Defense
   Defense                  Defense                  Time % Phy DF OF 
 1 Charles McAvoy           Erik Cernak              55     1   2  2  
 2 Connor Murphy            Derek Forbort            45     1   2  2  

Penalty Kill - 3 Players Forward 
   Forward                                           Time % Phy DF OF 
 1 Eetu Luostarinen                                  55     1   2  2  
 2 Steven Lorentz                                    45     1   2  2  

Penalty Kill - 3 Players Defense
   Defense                  Defense                  Time % Phy DF OF 
 1 Charles McAvoy           Erik Cernak              55     1   2  2  
 2 Connor Murphy            Derek Forbort            45     1   2  2  

4 vs 4 Forward 
   Center                   Wing                     Time % Phy DF OF 
 1 Drake Batherson          Isac Lundestrom          55     1   2  2  
 2 Joel Farabee             Wyatt Johnston           45     1   2  2  

4 vs 4 Defense
   Defense                  Defense                  Time % Phy DF OF 
 1 Charles McAvoy           Erik Cernak              55     1   2  2  
 2 Connor Murphy            Derek Forbort            45     1   2  2  

Last Minutes Offensive
   Center                   Left Wing                Right Wing               Defense                  Defense                  
   Drake Batherson          Dmitri Voronkov          Joel Farabee             Charles McAvoy           Erik Cernak              

Last Minutes Defensive
   Center                   Left Wing                Right Wing               Defense                  Defense                  
   Drake Batherson          Dmitri Voronkov          Joel Farabee             Charles McAvoy           Erik Cernak              

Goaltenders
Starting : Connor Hellebuyck        
Backup : Akira Schmid             

Extra Forwards
Normal : Mark Kastelic, Steven Lorentz, Eetu Luostarinen - PP : Mark Kastelic, Steven Lorentz - PK : Eetu Luostarinen
Extra Defensemen
Normal : Adam Boqvist, Charles McAvoy, Connor Murphy - PP : Adam Boqvist - PK : Charles McAvoy, Connor Murphy
Penalty Shots
Drake Batherson, Eetu Luostarinen, Joel Farabee, Wyatt Johnston, Isac Lundestrom
Custom OT Lines Forwards
Drake Batherson, Eetu Luostarinen, Joel Farabee, Wyatt Johnston, Isac Lundestrom, Steven Lorentz, Dmitri Voronkov, Luke Kunin, Denis Malgin, Mark Kastelic
Custom OT Lines Defensemen
Charles McAvoy, Erik Cernak, Connor Murphy, Derek Forbort, Adam Boqvist

Scratches
Michael Pezzetta (Healthy), Filip Zadina (Healthy), Nicklaus Perbix (Sprained Right Finger Injury), Rasmus Asplund (Healthy)

SAN JOSE BRONCOS

5 vs 5 Forward 
   Center                   Left Wing                Right Wing               Time % Phy DF OF 
 1 Brayden Point            Clayton Keller           Jesper Bratt             25     1   2  2  
 2 Tyson Jost               Cole Caufield            Oliver Bjorkstrand       25     1   2  2  
 3 Anthony Richard          Carl Grundstrom          Brett Leason             25     1   2  2  
 4 Samuel Fagemo            Jonathan Gruden          Jesse Puljujarvi         25     1   2  2  

5 vs 5 Defense 
   Defense                  Defense                                           Time % Phy DF OF 
 1 Jaccob Slavin            Neal Pionk                                        25     1   2  2  
 2 Adam Pelech              Jake Walman                                       25     1   2  2  
 3 Timothy Liljegren        Jake Bean                                         25     1   2  2  
 4 Jaccob Slavin            Neal Pionk                                        25     1   2  2  

PowerPlay Forward 
   Center                   Left Wing                Right Wing               Time % Phy DF OF 
 1 Brayden Point            Clayton Keller           Jesper Bratt             50     1   2  2  
 2 Tyson Jost               Cole Caufield            Oliver Bjorkstrand       50     1   2  2  

PowerPlay Defense
   Defense                  Defense                                           Time % Phy DF OF 
 1 Jaccob Slavin            Neal Pionk                                        50     1   2  2  
 2 Adam Pelech              Jake Walman                                       50     1   2  2  

Penalty Kill 4 Players Forward 
   Center                   Wing                     Time % Phy DF OF 
 1 Clayton Keller           Oliver Bjorkstrand       50     1   2  2  
 2 Brayden Point            Brett Leason             50     1   2  2  

Penalty Kill 4 Players Defense
   Defense                  Defense                  Time % Phy DF OF 
 1 Jaccob Slavin            Neal Pionk               50     1   2  2  
 2 Adam Pelech              Jake Walman              50     1   2  2  

Penalty Kill - 3 Players Forward 
   Forward                                           Time % Phy DF OF 
 1 Clayton Keller                                    50     1   2  2  
 2 Brayden Point                                     50     1   2  2  

Penalty Kill - 3 Players Defense
   Defense                  Defense                  Time % Phy DF OF 
 1 Jaccob Slavin            Neal Pionk               50     1   2  2  
 2 Adam Pelech              Jake Walman              50     1   2  2  

4 vs 4 Forward 
   Center                   Wing                     Time % Phy DF OF 
 1 Brayden Point            Clayton Keller           50     1   2  2  
 2 Jesper Bratt             Oliver Bjorkstrand       50     1   2  2  

4 vs 4 Defense
   Defense                  Defense                  Time % Phy DF OF 
 1 Jaccob Slavin            Neal Pionk               50     1   2  2  
 2 Adam Pelech              Jake Walman              50     1   2  2  

Last Minutes Offensive
   Center                   Left Wing                Right Wing               Defense                  Defense                  
   Brayden Point            Clayton Keller           Jesper Bratt             Jaccob Slavin            Neal Pionk               

Last Minutes Defensive
   Center                   Left Wing                Right Wing               Defense                  Defense                  
   Brayden Point            Clayton Keller           Jesper Bratt             Jaccob Slavin            Neal Pionk               

Goaltenders
Starting : Jaxson Stauber           
Backup : Garrett Metcalf          

Extra Forwards
Normal : Jonathan Gruden, Brayden Point, Jesse Puljujarvi - PP : Jonathan Gruden, Brayden Point - PK : Jesse Puljujarvi
Extra Defensemen
Normal : Timothy Liljegren, Jake Bean, Adam Pelech - PP : Timothy Liljegren - PK : Jake Bean, Adam Pelech
Penalty Shots
Brayden Point, Clayton Keller, Jesper Bratt, Oliver Bjorkstrand, Cole Caufield
Custom OT Lines Forwards
Brayden Point, Clayton Keller, Jesper Bratt, Oliver Bjorkstrand, Cole Caufield, Tyson Jost, Jesse Puljujarvi, Carl Grundstrom, Brett Leason, Jonathan Gruden
Custom OT Lines Defensemen
Jaccob Slavin, Neal Pionk, Adam Pelech, Jake Walman, Timothy Liljegren

Scratches
None


% Time on Ice - SAN DIEGO THUNDER

Lines # - Real PCT - Wanted PCT - Time Play
Normal Forward
1 - 37% - 36% - 19:36
2 - 31% - 31% - 16:20
3 - 22% - 23% - 11:29
4 - 10% - 10% - 5:29
Normal Defense
1 - 36% - 38% - 19:05
2 - 34% - 32% - 18:15
3 - 24% - 20% - 12:50
4 - 5% - 10% - 2:44
PP Forward
1 - 62% - 55% - 1:14
2 - 38% - 45% - 0:45
PP Defense
1 - 38% - 55% - 0:45
2 - 62% - 45% - 1:14
PK Forward
1 - 64% - 55% - 3:15
2 - 36% - 45% - 1:52
PK Defense
1 - 67% - 55% - 3:26
2 - 33% - 45% - 1:41
PK3 Forward
1 - 0% - 55%
2 - 0% - 45%
PK3 Defense
1 - 0% - 55%
2 - 0% - 45%
44 Forward
1 - 0% - 55%
2 - 0% - 45%
44 Defense
1 - 0% - 55%
2 - 0% - 45%
Last Minute Offensive  - 0:00
Last Minute Defensive  - 0:00
Total
Forward - 60:00
Defense - 60:00

% Time on Ice - SAN JOSE BRONCOS

Lines # - Real PCT - Wanted PCT - Time Play
Normal Forward
1 - 25% - 25% - 13:16
2 - 25% - 25% - 13:02
3 - 25% - 25% - 12:58
4 - 26% - 25% - 13:38
Normal Defense
1 - 20% - 25% - 10:45
2 - 30% - 25% - 15:58
3 - 29% - 25% - 15:21
4 - 20% - 25% - 10:50
PP Forward
1 - 67% - 50% - 3:27
2 - 33% - 50% - 1:40
PP Defense
1 - 55% - 50% - 2:50
2 - 45% - 50% - 2:17
PK Forward
1 - 49% - 50% - 0:58
2 - 51% - 50% - 1:01
PK Defense
1 - 71% - 50% - 1:25
2 - 29% - 50% - 0:34
PK3 Forward
1 - 0% - 50%
2 - 0% - 50%
PK3 Defense
1 - 0% - 50%
2 - 0% - 50%
44 Forward
1 - 0% - 50%
2 - 0% - 50%
44 Defense
1 - 0% - 50%
2 - 0% - 50%
Last Minute Offensive  - 0:00
Last Minute Defensive  - 0:00
Total
Forward - 60:00
Defense - 60:00

Play-by-Play

1st period


0:01 of 1st period - Brayden Point wins face-off versus Eetu Luostarinen in neutral zone.
0:12 of 1st period - Shot by Brayden Point.
0:12 of 1st period - Stopped by Connor Hellebuyck without a rebound.
0:13 of 1st period - Wyatt Johnston wins face-off versus Tyson Jost in SAN DIEGO THUNDER zone.
0:13 of 1st period - Dmitri Voronkov is hit by Tyson Jost and loses puck.
0:20 of 1st period - Shot by Oliver Bjorkstrand.
0:20 of 1st period - Deflect By Cole Caufield.
0:20 of 1st period - Stopped by Connor Hellebuyck without a rebound.
0:21 of 1st period - Isac Lundestrom wins face-off versus Anthony Richard in SAN DIEGO THUNDER zone.
0:29 of 1st period - Off-side.
0:30 of 1st period - Mark Kastelic wins face-off versus Samuel Fagemo in neutral zone.
0:49 of 1st period - Shot by Luke Kunin.
0:49 of 1st period - Stopped by Jaxson Stauber with a rebound.
1:03 of 1st period - Shot by Luke Kunin.
1:03 of 1st period - Shot Blocked by Jesse Puljujarvi.
1:05 of 1st period - Shot by Charles McAvoy.
1:05 of 1st period - Shot Misses the Net.
1:07 of 1st period - Shot by Charles McAvoy.
1:07 of 1st period - Shot Misses the Net.
1:26 of 1st period - Minor Penalty to Dmitri Voronkov for Hooking.
1:27 of 1st period - Brayden Point wins face-off versus Eetu Luostarinen in SAN DIEGO THUNDER zone.
2:33 of 1st period - Shot by Oliver Bjorkstrand.
2:33 of 1st period - Deflect By Cole Caufield.
2:33 of 1st period - Stopped by Connor Hellebuyck without a rebound.
2:34 of 1st period - Eetu Luostarinen wins face-off versus Cole Caufield in SAN DIEGO THUNDER zone.
3:00 of 1st period - Shot by Neal Pionk.
3:00 of 1st period - Stopped by Connor Hellebuyck without a rebound.
3:01 of 1st period - Joel Farabee wins face-off versus Brayden Point in SAN DIEGO THUNDER zone.
3:43 of 1st period - Off-side.
3:44 of 1st period - Tyson Jost wins face-off versus Eetu Luostarinen in neutral zone.
3:44 of 1st period - Tyson Jost is hit by Evander Kane.
4:18 of 1st period - Icing by Derek Forbort.
4:19 of 1st period - Eetu Luostarinen wins face-off versus Brayden Point in SAN DIEGO THUNDER zone.
4:39 of 1st period - Clayton Keller is hit by Connor Murphy and loses puck.
4:54 of 1st period - Shot by Clayton Keller.
4:54 of 1st period - Shot Misses the Net.
4:56 of 1st period - Shot by Brayden Point.
4:56 of 1st period - Shot Misses the Net.
5:06 of 1st period - Shot by Brayden Point.
5:06 of 1st period - Shot Blocked by Derek Forbort.
5:42 of 1st period - Shot by Brett Leason.
5:42 of 1st period - Shot Misses the Net.
6:15 of 1st period - Icing by Timothy Liljegren.
6:16 of 1st period - Isac Lundestrom wins face-off versus Anthony Richard in SAN JOSE BRONCOS zone.
6:40 of 1st period - Shot by Steven Lorentz.
6:40 of 1st period - Deflect By Isac Lundestrom.
6:40 of 1st period - Shot Misses the Net.
6:42 of 1st period - Shot by Luke Kunin.
6:42 of 1st period - Deflect By Isac Lundestrom.
6:42 of 1st period - Shot Misses the Net.
7:59 of 1st period - Shot by Denis Malgin.
7:59 of 1st period - Stopped by Jaxson Stauber without a rebound.
8:00 of 1st period - Samuel Fagemo wins face-off versus Eetu Luostarinen in SAN JOSE BRONCOS zone.
8:14 of 1st period - Shot by Jesse Puljujarvi.
8:14 of 1st period - Stopped by Connor Hellebuyck without a rebound.
8:15 of 1st period - Isac Lundestrom wins face-off versus Brayden Point in SAN DIEGO THUNDER zone.
8:15 of 1st period - Charles McAvoy is hit by Brayden Point and loses puck.
8:29 of 1st period - Isac Lundestrom is hit by Neal Pionk.
8:30 of 1st period - Minor Penalty to Neal Pionk for Holding Stick.
8:31 of 1st period - Clayton Keller wins face-off versus Drake Batherson in SAN JOSE BRONCOS zone.
10:59 of 1st period - Shot by Oliver Bjorkstrand.
10:59 of 1st period - Stopped by Connor Hellebuyck without a rebound.
11:00 of 1st period - Mark Kastelic wins face-off versus Clayton Keller in SAN DIEGO THUNDER zone.
11:16 of 1st period - Icing by Clayton Keller.
11:17 of 1st period - Wyatt Johnston wins face-off versus Brayden Point in SAN JOSE BRONCOS zone.
11:48 of 1st period - Shot by Dmitri Voronkov.
11:48 of 1st period - Shot Hit the Post.
12:03 of 1st period - Icing by Wyatt Johnston.
12:04 of 1st period - Wyatt Johnston wins face-off versus Samuel Fagemo in SAN DIEGO THUNDER zone.
12:25 of 1st period - Shot by Jesse Puljujarvi.
12:25 of 1st period - Shot Hit the Post.
13:11 of 1st period - Icing by Drake Batherson.
13:12 of 1st period - Eetu Luostarinen wins face-off versus Tyson Jost in SAN DIEGO THUNDER zone.
13:27 of 1st period - Icing by Evander Kane.
13:28 of 1st period - Brayden Point wins face-off versus Eetu Luostarinen in SAN DIEGO THUNDER zone.
13:28 of 1st period - Brayden Point is hit by William Lagesson.
13:43 of 1st period - Clayton Keller is hit by William Lagesson and loses puck.
13:54 of 1st period - Shot by Brayden Point.
13:54 of 1st period - Stopped by Connor Hellebuyck without a rebound.
13:55 of 1st period - Wyatt Johnston wins face-off versus Tyson Jost in SAN DIEGO THUNDER zone.
14:22 of 1st period - Shot by Dmitri Voronkov.
14:22 of 1st period - Goal by Dmitri Voronkov - SAN DIEGO THUNDER : 1 - SAN JOSE BRONCOS : 0.
14:23 of 1st period - Isac Lundestrom wins face-off versus Anthony Richard in neutral zone.
14:42 of 1st period - Shot by Brett Leason.
14:42 of 1st period - Stopped by Connor Hellebuyck without a rebound.
14:43 of 1st period - Eetu Luostarinen wins face-off versus Brayden Point in SAN DIEGO THUNDER zone.
15:00 of 1st period - Shot by Brayden Point.
15:00 of 1st period - Stopped by Connor Hellebuyck with a rebound.
15:36 of 1st period - Jaccob Slavin is hit by Evander Kane and loses puck.
15:52 of 1st period - Icing by Jaccob Slavin.
15:53 of 1st period - Wyatt Johnston wins face-off versus Brayden Point in SAN JOSE BRONCOS zone.
16:02 of 1st period - Shot by Joel Farabee.
16:02 of 1st period - Stopped by Jaxson Stauber with a rebound.
16:31 of 1st period - Shot by Jesse Puljujarvi.
16:31 of 1st period - Shot Misses the Net.
16:33 of 1st period - Shot by Adam Pelech.
16:33 of 1st period - Shot Misses the Net.
16:53 of 1st period - Shot by Jesse Puljujarvi.
16:53 of 1st period - Stopped by Connor Hellebuyck without a rebound.
16:54 of 1st period - Isac Lundestrom wins face-off versus Tyson Jost in SAN DIEGO THUNDER zone.
16:54 of 1st period - Isac Lundestrom is hit by Tyson Jost.
17:11 of 1st period - Shot by Tyson Jost.
17:11 of 1st period - Stopped by Connor Hellebuyck without a rebound.
17:12 of 1st period - Anthony Richard wins face-off versus Eetu Luostarinen in SAN DIEGO THUNDER zone.
17:54 of 1st period - Off-side.
17:55 of 1st period - Samuel Fagemo wins face-off versus Isac Lundestrom in neutral zone.
18:10 of 1st period - Shot by Jesse Puljujarvi.
18:10 of 1st period - Shot Misses the Net.
18:12 of 1st period - Shot by Jesse Puljujarvi.
18:12 of 1st period - Stopped by Connor Hellebuyck without a rebound.
18:13 of 1st period - Tyson Jost wins face-off versus Wyatt Johnston in SAN DIEGO THUNDER zone.
18:16 of 1st period - Shot by Cole Caufield.
18:16 of 1st period - Stopped by Connor Hellebuyck without a rebound.
18:17 of 1st period - Tyson Jost wins face-off versus Wyatt Johnston in SAN DIEGO THUNDER zone.
18:29 of 1st period - Joel Farabee is hit by Tyson Jost and loses puck.
18:42 of 1st period - Shot by Oliver Bjorkstrand.
18:42 of 1st period - Shot Misses the Net.
18:46 of 1st period - Shot by Cole Caufield.
18:46 of 1st period - Stopped by Connor Hellebuyck without a rebound.
18:47 of 1st period - Isac Lundestrom wins face-off versus Samuel Fagemo in SAN DIEGO THUNDER zone.
18:47 of 1st period - Isac Lundestrom is hit by Jesse Puljujarvi.
19:12 of 1st period - Minor Penalty to Luke Kunin for Cross-checking.
19:13 of 1st period - Brayden Point wins face-off versus Dmitri Voronkov in SAN DIEGO THUNDER zone.
Goals for this period are 1 for SAN DIEGO THUNDER vs 0 for SAN JOSE BRONCOS.
Shots for this period are 4 for SAN DIEGO THUNDER vs 14 for SAN JOSE BRONCOS.

2nd period


0:01 of 2nd period - Tyson Jost wins face-off versus Dmitri Voronkov in neutral zone.
0:19 of 2nd period - Shot by Adam Pelech.
0:19 of 2nd period - Shot Blocked by Derek Forbort.
0:21 of 2nd period - Shot by Oliver Bjorkstrand.
0:21 of 2nd period - Goal by Oliver Bjorkstrand - SAN DIEGO THUNDER : 1 - SAN JOSE BRONCOS : 1.
0:22 of 2nd period - Eetu Luostarinen wins face-off versus Samuel Fagemo in neutral zone.
1:45 of 2nd period - Icing by Adam Pelech.
1:46 of 2nd period - Tyson Jost wins face-off versus Isac Lundestrom in SAN JOSE BRONCOS zone.
1:46 of 2nd period - Tyson Jost is hit by Luke Kunin.
1:57 of 2nd period - Shot by Cole Caufield.
1:57 of 2nd period - Goal by Cole Caufield - SAN DIEGO THUNDER : 1 - SAN JOSE BRONCOS : 2.
1:58 of 2nd period - Wyatt Johnston wins face-off versus Anthony Richard in neutral zone.
2:07 of 2nd period - Connor Murphy is hit by Anthony Richard and loses puck.
2:22 of 2nd period - Shot by Carl Grundstrom.
2:22 of 2nd period - Stopped by Connor Hellebuyck without a rebound.
2:23 of 2nd period - Isac Lundestrom wins face-off versus Brayden Point in SAN DIEGO THUNDER zone.
2:23 of 2nd period - Isac Lundestrom is hit by Jesper Bratt.
3:35 of 2nd period - Wyatt Johnston is hit by Carl Grundstrom and loses puck.
3:54 of 2nd period - Shot by Carl Grundstrom.
3:54 of 2nd period - Goal by Carl Grundstrom - SAN DIEGO THUNDER : 1 - SAN JOSE BRONCOS : 3.
3:55 of 2nd period - Eetu Luostarinen wins face-off versus Tyson Jost in neutral zone.
4:10 of 2nd period - Shot by Drake Batherson.
4:10 of 2nd period - Deflect By Evander Kane.
4:10 of 2nd period - Shot Misses the Net.
4:12 of 2nd period - Shot by Connor Murphy.
4:12 of 2nd period - Stopped by Jaxson Stauber without a rebound.
4:13 of 2nd period - Samuel Fagemo wins face-off versus Denis Malgin in SAN JOSE BRONCOS zone.
4:35 of 2nd period - Off-side.
4:36 of 2nd period - Tyson Jost wins face-off versus Drake Batherson in neutral zone.
5:03 of 2nd period - Shot by Oliver Bjorkstrand.
5:03 of 2nd period - Stopped by Connor Hellebuyck without a rebound.
5:04 of 2nd period - Brett Leason wins face-off versus Isac Lundestrom in SAN DIEGO THUNDER zone.
5:31 of 2nd period - Luke Kunin is hit by Carl Grundstrom and loses puck.
7:25 of 2nd period - Cole Caufield is hit by William Lagesson and loses puck.
7:31 of 2nd period - Tyson Jost is hit by William Lagesson and loses puck.
7:38 of 2nd period - Shot by Oliver Bjorkstrand.
7:38 of 2nd period - Shot Misses the Net.
7:42 of 2nd period - Shot by Oliver Bjorkstrand.
7:42 of 2nd period - Stopped by Connor Hellebuyck without a rebound.
7:43 of 2nd period - Brayden Point wins face-off versus Isac Lundestrom in SAN DIEGO THUNDER zone.
7:44 of 2nd period - Shot by Clayton Keller.
7:44 of 2nd period - Shot Hit the Post.
7:46 of 2nd period - Shot by Neal Pionk.
7:46 of 2nd period - Shot Misses the Net.
8:07 of 2nd period - Shot by Clayton Keller.
8:07 of 2nd period - Shot Misses the Net.
8:15 of 2nd period - Icing by Isac Lundestrom.
8:16 of 2nd period - Isac Lundestrom wins face-off versus Jesse Puljujarvi in SAN DIEGO THUNDER zone.
9:08 of 2nd period - Eetu Luostarinen is hit by Jake Bean and loses puck.
9:19 of 2nd period - Shot by Drake Batherson.
9:19 of 2nd period - Shot Misses the Net.
9:21 of 2nd period - Shot by Derek Forbort.
9:21 of 2nd period - Stopped by Jaxson Stauber with a rebound.
9:43 of 2nd period - Shot by Wyatt Johnston.
9:43 of 2nd period - Shot Misses the Net.
9:45 of 2nd period - Shot by Dmitri Voronkov.
9:45 of 2nd period - Stopped by Jaxson Stauber with a rebound.
9:47 of 2nd period - Shot by Wyatt Johnston.
9:47 of 2nd period - Shot Misses the Net.
9:50 of 2nd period - Wyatt Johnston is hit by Jake Bean.
9:55 of 2nd period - Dmitri Voronkov is hit by Timothy Liljegren and loses puck.
10:06 of 2nd period - Shot by Wyatt Johnston.
10:06 of 2nd period - Stopped by Jaxson Stauber with a rebound.
10:08 of 2nd period - Shot by Wyatt Johnston.
10:08 of 2nd period - Shot Blocked by Timothy Liljegren.
10:29 of 2nd period - Icing by Erik Cernak.
10:30 of 2nd period - Tyson Jost wins face-off versus Mark Kastelic in SAN DIEGO THUNDER zone.
10:32 of 2nd period - Oliver Bjorkstrand is hit by Charles McAvoy and loses puck.
10:50 of 2nd period - Off-side.
10:51 of 2nd period - Brayden Point wins face-off versus Eetu Luostarinen in neutral zone.
11:24 of 2nd period - Shot by Jesper Bratt.
11:24 of 2nd period - Deflect By Clayton Keller.
11:24 of 2nd period - Shot Misses the Net.
11:26 of 2nd period - Shot by Brayden Point.
11:26 of 2nd period - Stopped by Connor Hellebuyck without a rebound.
11:27 of 2nd period - Wyatt Johnston wins face-off versus Anthony Richard in SAN DIEGO THUNDER zone.
11:38 of 2nd period - Shot by Joel Farabee.
11:38 of 2nd period - Stopped by Jaxson Stauber without a rebound.
11:39 of 2nd period - Isac Lundestrom wins face-off versus Tyson Jost in SAN JOSE BRONCOS zone.
11:49 of 2nd period - Shot by Oliver Bjorkstrand.
11:49 of 2nd period - Stopped by Connor Hellebuyck with a rebound.
11:51 of 2nd period - Shot by Tyson Jost.
11:51 of 2nd period - Shot Misses the Net.
11:53 of 2nd period - Shot by Neal Pionk.
11:53 of 2nd period - Stopped by Connor Hellebuyck without a rebound.
11:54 of 2nd period - Eetu Luostarinen wins face-off versus Carl Grundstrom in SAN DIEGO THUNDER zone.
12:21 of 2nd period - Shot by Eetu Luostarinen.
12:21 of 2nd period - Stopped by Jaxson Stauber without a rebound.
12:22 of 2nd period - Tyson Jost wins face-off versus Wyatt Johnston in SAN JOSE BRONCOS zone.
12:30 of 2nd period - Oliver Bjorkstrand is hit by Derek Forbort and loses puck.
12:39 of 2nd period - Shot by Tyson Jost.
12:39 of 2nd period - Stopped by Connor Hellebuyck without a rebound.
12:40 of 2nd period - Luke Kunin wins face-off versus Jesper Bratt in SAN DIEGO THUNDER zone.
12:40 of 2nd period - Luke Kunin is hit by Clayton Keller.
13:13 of 2nd period - Shot by Luke Kunin.
13:13 of 2nd period - Stopped by Jaxson Stauber without a rebound.
13:14 of 2nd period - Tyson Jost wins face-off versus Joel Farabee in SAN JOSE BRONCOS zone.
13:28 of 2nd period - Shot by Joel Farabee.
13:28 of 2nd period - Stopped by Jaxson Stauber with a rebound.
13:56 of 2nd period - Icing by Connor Murphy.
13:57 of 2nd period - Wyatt Johnston wins face-off versus Anthony Richard in SAN DIEGO THUNDER zone.
14:01 of 2nd period - Off-side.
14:02 of 2nd period - Eetu Luostarinen wins face-off versus Anthony Richard in neutral zone.
14:13 of 2nd period - Shot by Drake Batherson.
14:13 of 2nd period - Shot Blocked by Adam Pelech.
14:18 of 2nd period - Jake Walman is hit by Erik Cernak and loses puck.
14:23 of 2nd period - Shot by Jake Walman.
14:23 of 2nd period - Shot Blocked by Erik Cernak.
14:24 of 2nd period - Minor Penalty to Erik Cernak for Hooking.
14:25 of 2nd period - Brayden Point wins face-off versus Dmitri Voronkov in SAN DIEGO THUNDER zone.
14:44 of 2nd period - Shot by Jesper Bratt.
14:44 of 2nd period - Shot Misses the Net.
16:56 of 2nd period - Shot by Brett Leason.
16:56 of 2nd period - Shot Blocked by Connor Murphy.
17:20 of 2nd period - Adam Pelech is hit by Evander Kane and loses puck.
17:24 of 2nd period - Jesse Puljujarvi is hit by Erik Cernak and loses puck.
18:05 of 2nd period - Off-side.
18:06 of 2nd period - Steven Lorentz wins face-off versus Brayden Point in neutral zone.
18:13 of 2nd period - Shot by Luke Kunin.
18:13 of 2nd period - Stopped by Jaxson Stauber without a rebound.
18:14 of 2nd period - Mark Kastelic wins face-off versus Brayden Point in SAN JOSE BRONCOS zone.
18:19 of 2nd period - Shot by Luke Kunin.
18:19 of 2nd period - Stopped by Jaxson Stauber without a rebound.
18:20 of 2nd period - Brayden Point wins face-off versus Wyatt Johnston in SAN JOSE BRONCOS zone.
18:22 of 2nd period - Icing by Clayton Keller.
18:23 of 2nd period - Dmitri Voronkov wins face-off versus Brayden Point in SAN JOSE BRONCOS zone.
18:38 of 2nd period - Shot by Wyatt Johnston.
18:38 of 2nd period - Shot Misses the Net.
18:50 of 2nd period - Shot by Joel Farabee.
18:50 of 2nd period - Stopped by Jaxson Stauber without a rebound.
18:51 of 2nd period - Tyson Jost wins face-off versus Isac Lundestrom in SAN JOSE BRONCOS zone.
18:57 of 2nd period - Off-side.
18:58 of 2nd period - Tyson Jost wins face-off versus Eetu Luostarinen in neutral zone.
19:00 of 2nd period - Oliver Bjorkstrand is hit by Erik Cernak and loses puck.
19:20 of 2nd period - Shot by Eetu Luostarinen.
19:20 of 2nd period - Stopped by Jaxson Stauber with a rebound.
19:22 of 2nd period - Shot by Erik Cernak.
19:22 of 2nd period - Stopped by Jaxson Stauber without a rebound.
19:23 of 2nd period - Brayden Point wins face-off versus Wyatt Johnston in SAN JOSE BRONCOS zone.
19:27 of 2nd period - Clayton Keller is hit by Dmitri Voronkov and loses puck.
19:52 of 2nd period - Shot by Joel Farabee.
19:52 of 2nd period - Stopped by Jaxson Stauber with a rebound.
Goals for this period are 0 for SAN DIEGO THUNDER vs 3 for SAN JOSE BRONCOS.
Shots for this period are 14 for SAN DIEGO THUNDER vs 10 for SAN JOSE BRONCOS.

3rd period


0:01 of 3rd period - Tyson Jost wins face-off versus Luke Kunin in neutral zone.
0:01 of 3rd period - Neal Pionk is hit by Luke Kunin and loses puck.
0:06 of 3rd period - Steven Lorentz is hit by Tyson Jost and loses puck.
0:17 of 3rd period - Shot by Cole Caufield.
0:17 of 3rd period - Shot Misses the Net.
0:19 of 3rd period - Shot by Neal Pionk.
0:19 of 3rd period - Stopped by Connor Hellebuyck with a rebound.
0:21 of 3rd period - Shot by Oliver Bjorkstrand.
0:21 of 3rd period - Stopped by Connor Hellebuyck without a rebound.
0:22 of 3rd period - Eetu Luostarinen wins face-off versus Carl Grundstrom in SAN DIEGO THUNDER zone.
0:22 of 3rd period - Eetu Luostarinen is hit by Anthony Richard.
1:26 of 3rd period - Shot by Cole Caufield.
1:26 of 3rd period - Stopped by Connor Hellebuyck without a rebound.
1:27 of 3rd period - Brayden Point wins face-off versus Luke Kunin in SAN DIEGO THUNDER zone.
1:40 of 3rd period - Shot by Clayton Keller.
1:40 of 3rd period - Deflect By Jesper Bratt.
1:40 of 3rd period - Shot Blocked by Isac Lundestrom.
1:48 of 3rd period - Shot by Brayden Point.
1:48 of 3rd period - Stopped by Connor Hellebuyck without a rebound.
1:49 of 3rd period - Wyatt Johnston wins face-off versus Samuel Fagemo in SAN DIEGO THUNDER zone.
2:09 of 3rd period - Icing by Jesse Puljujarvi.
2:10 of 3rd period - Isac Lundestrom wins face-off versus Samuel Fagemo in SAN JOSE BRONCOS zone.
2:10 of 3rd period - Isac Lundestrom is hit by Neal Pionk.
2:32 of 3rd period - Shot by Jesse Puljujarvi.
2:32 of 3rd period - Deflect By Jonathan Gruden.
2:32 of 3rd period - Shot Misses the Net.
2:34 of 3rd period - Shot by Jaccob Slavin.
2:34 of 3rd period - Stopped by Connor Hellebuyck without a rebound.
2:35 of 3rd period - Wyatt Johnston wins face-off versus Tyson Jost in SAN DIEGO THUNDER zone.
2:42 of 3rd period - Shot by Dmitri Voronkov.
2:42 of 3rd period - Shot Blocked by Oliver Bjorkstrand.
3:04 of 3rd period - Icing by Timothy Liljegren.
3:05 of 3rd period - Tyson Jost wins face-off versus Drake Batherson in SAN JOSE BRONCOS zone.
4:09 of 3rd period - Icing by Cole Caufield.
4:10 of 3rd period - Tyson Jost wins face-off versus Wyatt Johnston in SAN JOSE BRONCOS zone.
4:52 of 3rd period - Shot by Clayton Keller.
4:52 of 3rd period - Deflect By Brayden Point.
4:52 of 3rd period - Shot Misses the Net.
4:54 of 3rd period - Shot by Jesper Bratt.
4:54 of 3rd period - Shot Blocked by Derek Forbort.
5:04 of 3rd period - Shot by Clayton Keller.
5:04 of 3rd period - Shot Misses the Net.
5:13 of 3rd period - Connor Murphy is hit by Jaccob Slavin and loses puck.
5:31 of 3rd period - Off-side.
5:32 of 3rd period - Isac Lundestrom wins face-off versus Samuel Fagemo in neutral zone.
6:05 of 3rd period - Icing by Adam Pelech.
6:06 of 3rd period - Eetu Luostarinen wins face-off versus Samuel Fagemo in SAN JOSE BRONCOS zone.
6:59 of 3rd period - Charles McAvoy is hit by Carl Grundstrom and loses puck.
7:05 of 3rd period - Icing by Charles McAvoy.
7:06 of 3rd period - Evander Kane wins face-off versus Jesper Bratt in SAN DIEGO THUNDER zone.
7:39 of 3rd period - Icing by Erik Cernak.
7:40 of 3rd period - Anthony Richard wins face-off versus Eetu Luostarinen in SAN DIEGO THUNDER zone.
8:13 of 3rd period - Shot by Brett Leason.
8:13 of 3rd period - Shot Blocked by Charles McAvoy.
8:16 of 3rd period - Icing by Eetu Luostarinen.
8:17 of 3rd period - Eetu Luostarinen wins face-off versus Brayden Point in SAN DIEGO THUNDER zone.
8:17 of 3rd period - Eetu Luostarinen is hit by Brayden Point.
8:50 of 3rd period - Shot by Jesper Bratt.
8:50 of 3rd period - Shot Misses the Net.
8:52 of 3rd period - Shot by Clayton Keller.
8:52 of 3rd period - Stopped by Connor Hellebuyck without a rebound.
8:53 of 3rd period - Wyatt Johnston wins face-off versus Oliver Bjorkstrand in SAN DIEGO THUNDER zone.
9:00 of 3rd period - Shot by Dmitri Voronkov.
9:00 of 3rd period - Shot Misses the Net.
9:06 of 3rd period - Wyatt Johnston is hit by Tyson Jost.
9:19 of 3rd period - Icing by Adam Pelech.
9:20 of 3rd period - Isac Lundestrom wins face-off versus Oliver Bjorkstrand in SAN JOSE BRONCOS zone.
9:21 of 3rd period - Shot by Luke Kunin.
9:21 of 3rd period - Shot Blocked by Oliver Bjorkstrand.
9:23 of 3rd period - Shot by Isac Lundestrom.
9:23 of 3rd period - Shot Blocked by Jake Walman.
9:25 of 3rd period - Shot by Luke Kunin.
9:25 of 3rd period - Shot Misses the Net.
9:51 of 3rd period - Off-side.
9:52 of 3rd period - Wyatt Johnston wins face-off versus Anthony Richard in neutral zone.
10:07 of 3rd period - Shot by Joel Farabee.
10:07 of 3rd period - Shot Misses the Net.
10:20 of 3rd period - Neal Pionk is hit by Dmitri Voronkov and loses puck.
10:24 of 3rd period - Jaccob Slavin is hit by Adam Boqvist and loses puck.
11:32 of 3rd period - Icing by Connor Murphy.
11:33 of 3rd period - Mark Kastelic wins face-off versus Tyson Jost in SAN DIEGO THUNDER zone.
11:33 of 3rd period - Mark Kastelic is hit by Tyson Jost.
12:03 of 3rd period - Shot by Tyson Jost.
12:03 of 3rd period - Stopped by Connor Hellebuyck with a rebound.
12:43 of 3rd period - Shot by Adam Pelech.
12:43 of 3rd period - Shot Misses the Net.
12:45 of 3rd period - Shot by Adam Pelech.
12:45 of 3rd period - Shot Blocked by Connor Murphy.
12:47 of 3rd period - Shot by Brett Leason.
12:47 of 3rd period - Shot Misses the Net.
13:36 of 3rd period - Shot by Drake Batherson.
13:36 of 3rd period - Shot Misses the Net.
13:38 of 3rd period - Shot by Eetu Luostarinen.
13:38 of 3rd period - Shot Misses the Net.
13:59 of 3rd period - Shot by Eetu Luostarinen.
13:59 of 3rd period - Shot Misses the Net.
14:21 of 3rd period - William Lagesson is hit by Jesse Puljujarvi and loses puck.
14:35 of 3rd period - Icing by Adam Boqvist.
14:36 of 3rd period - Wyatt Johnston wins face-off versus Tyson Jost in SAN DIEGO THUNDER zone.
14:48 of 3rd period - Tyson Jost is hit by William Lagesson and loses puck.
15:02 of 3rd period - Off-side.
15:03 of 3rd period - Eetu Luostarinen wins face-off versus Anthony Richard in neutral zone.
15:19 of 3rd period - Icing by Jaccob Slavin.
15:20 of 3rd period - Eetu Luostarinen wins face-off versus Anthony Richard in SAN JOSE BRONCOS zone.
16:25 of 3rd period - Shot by Dmitri Voronkov.
16:25 of 3rd period - Shot Misses the Net.
16:27 of 3rd period - Shot by Adam Boqvist.
16:27 of 3rd period - Shot Blocked by Jake Walman.
16:29 of 3rd period - Shot by Wyatt Johnston.
16:29 of 3rd period - Stopped by Jaxson Stauber with a rebound.
16:43 of 3rd period - Shot by Dmitri Voronkov.
16:43 of 3rd period - Stopped by Jaxson Stauber without a rebound.
16:44 of 3rd period - Brayden Point wins face-off versus Isac Lundestrom in SAN JOSE BRONCOS zone.
18:28 of 3rd period - Icing by Jaccob Slavin.
18:29 of 3rd period - Wyatt Johnston wins face-off versus Brett Leason in SAN JOSE BRONCOS zone.
18:42 of 3rd period - Shot by Dmitri Voronkov.
18:42 of 3rd period - Stopped by Jaxson Stauber without a rebound.
18:43 of 3rd period - Mark Kastelic wins face-off versus Samuel Fagemo in SAN JOSE BRONCOS zone.
18:52 of 3rd period - Shot by Denis Malgin.
18:52 of 3rd period - Shot Blocked by Adam Pelech.
18:54 of 3rd period - Shot by Luke Kunin.
18:54 of 3rd period - Stopped by Jaxson Stauber without a rebound.
18:55 of 3rd period - Wyatt Johnston wins face-off versus Tyson Jost in SAN JOSE BRONCOS zone.
19:00 of 3rd period - Shot by Joel Farabee.
19:00 of 3rd period - Stopped by Jaxson Stauber without a rebound.
19:01 of 3rd period - Isac Lundestrom wins face-off versus Jesse Puljujarvi in SAN JOSE BRONCOS zone.
19:01 of 3rd period - Luke Kunin is hit by Jake Walman and loses puck.
19:22 of 3rd period - Shot by Jesse Puljujarvi.
19:22 of 3rd period - Shot Misses the Net.
19:37 of 3rd period - Steven Lorentz is hit by Jake Walman and loses puck.
19:44 of 3rd period - Steven Lorentz is hit by Jonathan Gruden and loses puck.
Goals for this period are 0 for SAN DIEGO THUNDER vs 0 for SAN JOSE BRONCOS.
Shots for this period are 5 for SAN DIEGO THUNDER vs 7 for SAN JOSE BRONCOS.


BLAKE
WHEELER
STEVEN
STAMKOS
DREW
DOUGHTY

EAST COAST

HOCKEY LEAGUE

  • 63.RHI2PIT5
  • 64.WOR4ATL3
  • 65.QUECHW
  • 66.CHATRV